 Dungeon Crawl Stone Soup version 0.19-a0-1886-gd64a0f0 (webtiles) character file.

4344 Lochraine the Prestidigitator (level 10, -10/90 HPs)
             Began as a Deep Dwarf Fighter on Oct 15, 2016.
             Was a Believer of Makhleb.
             Mangled by a very large slime creature (37 damage)
             ... on level 8 of the Dungeon.
             The game lasted 00:34:35 (6781 turns).

Lochraine the Prestidigitator (Deep Dwarf Fighter)  Turns: 6781, Time: 00:34:36

Health: -10/90     AC: 16    Str: 20    XL:     10   Next: 12%
Magic:  17/17      EV: 13    Int:  9    God:    Makhleb [**....]
Gold:   522        SH:  0    Dex: 15    Spells: 0 memorised, 9 levels left

rFire  . . .     SeeInvis .     R - +2 battleaxe (curse)
rCold  . . .     Gourm    .     V - +2 scale mail {rPois}
rNeg   . . .     Faith    .     (shield currently unavailable)
rPois  +         Spirit   .     p - +2 hat
rElec  .         Dismiss  +     (no cloak)
rCorr  .         Reflect  .     u - +0 pair of gloves
MR     +....     Harm     .     J - +0 pair of boots
Stlth  ..........               A - amulet of dismissal
                                (no ring)
                                (no ring)

@: non-regenerating
A: damage resistance, recharge devices, horns 1, rugged brown scales 1, low mp
1, sense surroundings 2, slow regeneration 3
a: Device Recharging, Minor Destruction, Renounce Religion


You were on level 8 of the Dungeon.
You worshipped Makhleb.
Makhleb was pleased with you.
You were not hungry.

You visited 2 branches of the dungeon, and saw 9 of its levels.
You also visited: Sewer.

You collected 522 gold pieces.

Inventory:

Hand Weapons
 a - a +0 broad axe
 P - the +2 quarterstaff of Valiance {crush, rPois MP+9 Dex+2, unknown}
   (You found it on level 8 of the Dungeon)

   It inflicts extra damage upon your enemies.
   It affects your dexterity (+2).
   It protects you from poison.
   It affects your magic capacity (+9).
 R - a cursed +2 battleaxe (weapon)
Missiles
 j - 96 bolts
Armour
 c - a +0 shield
 p - a +2 hat (worn)
 u - a +0 pair of gloves (worn)
 F - the cursed +1 ring mail of the First Seas {rF+ rC- MP+9 Stlth+}
   (You found it on level 5 of the Dungeon)

   It protects you from fire.
   It makes you vulnerable to cold.
   It affects your magic capacity (+9).
   It makes you more stealthy.
   It has a curse placed upon it.
 J - a +0 pair of boots (worn)
 V - a +2 scale mail of poison resistance (worn)
Rods
 b - a +4 rod of clouds (16/16)
   (You found it on level 3 of the Dungeon)
Jewellery
 i - an uncursed ring of resist corrosion {unknown}
 k - an uncursed amulet of harm
 A - an amulet of dismissal (around neck)
 L - an uncursed ring of see invisible {unknown}
 N - an uncursed ring of flight {unknown}
Wands
 e - a wand of heal wounds (1/9)
 H - a wand of enslavement (12/24)
 K - a wand of iceblast (6/15)
 O - a wand of teleportation (1/9)
Scrolls
 m - 3 scrolls of identify
 n - a scroll of fear
 o - 3 scrolls of immolation
 s - 4 scrolls of teleportation
 t - 4 scrolls of blinking
 w - a scroll of fog {unknown}
 x - a scroll of random uselessness {unknown}
 y - a scroll of noise
 z - a scroll of magic mapping {unknown}
 B - 2 scrolls of enchant weapon {unknown}
 C - a scroll of recharging
 D - a scroll of torment {unknown}
 I - a scroll of enchant armour {unknown}
 M - a scroll of amnesia {unknown}
Potions
 d - 4 potions of might
 g - a potion of heal wounds
 h - a potion of invisibility
 r - 5 potions of curing
 v - a potion of cancellation
 E - a potion of agility {unknown}
 Q - a potion of brilliance
 U - a potion of resistance {unknown}
Comestibles
 f - 6 bread rations
 q - 2 slices of pizza
 T - a meat ration


   Skills:
 - Level 5.2 Fighting
 - Level 5.0 Axes
 - Level 9.0 Armour
 - Level 5.3 Dodging
 - Level 3.2 Shields
 + Level 1.8 Invocations
 - Level 12.0 Evocations


You had 9 spell levels left.
You didn't know any spells.

Dungeon Overview and Level Annotations

Branches:
Dungeon (8/15)             Temple (1/1) D:5
   Lair: D:8-11

Altars:
Ashenzari
Cheibriados
Dithmenos
Elyvilon
Fedhas
Gozag
Kikubaaqudgha
Makhleb
Nemelex Xobeh
Okawaru
Qazlal
Ru
Sif Muna
Trog
Uskayaw
Vehumet
Xom
Yredelemnul
Zin
The Shining One

Shops:
D:5 }


Innate Abilities, Weirdness & Mutations

You are resistant to damage.
You can recharge devices by infusing magical energy.
You passively map the area around you.
You do not regenerate.
You have a pair of small horns on your head.
You are partially covered in rugged brown scales. (AC +1, +3% HP)
Your magical capacity is low. (-10% MP)


Message History

Two slime creatures merge to form a very large slime creature.
Press: ? - help, v - describe, . - travel
Here: a very large slime creature (moderately wounded)
The floor.
Your scale mail prevents you from hitting the very large slime creature.
The very large slime creature is moderately wounded.
You slice the very large slime creature!!
The very large slime creature is moderately wounded.
The very large slime creature barely misses you.
The very large slime creature misses you.
You slice the very large slime creature!!
The very large slime creature is heavily wounded.
The very large slime creature hits you!!!
* * * LOW HITPOINT WARNING * * *
Evoke which item? (* to show all) (? for menu, Esc to quit)
Zapping:
e - a wand of heal wounds (2/9)
Press: ? - help, Shift-Dir - straight line, f - you, p - very large slime creature You feel much better.
This wand has 1 charge left.
The very large slime creature hits you!!!
You die...

, * #..# * *
.#####..#
*.J..J...# * *
*#.# * ,, #.# ,
#.# * , #.# ....
.# #J# ,... .#
###@# ,#.##.#
####...# #.#..
..#.### .....**
#.#.#
#.#.#####.#.#
####.#.##.....[#
.....#.......###
###.........>#
#############
##.###...#.##
#...........#


You could see a very large slime creature.

Vanquished Creatures
  Pikel (D:7)
  The ghost of Avanven the Carver, a novice TeMo of Okawaru (D:8)
  Prince Ribbit (D:7)
  2 hippogriffs (D:7)
  Edmund (D:4)
  A water moccasin (D:6)
  2 sky beasts
  2 slaves (D:7)
  An orc warrior (D:7)
  An ice beast (D:6)
  A black bear (D:6)
  A phantom (D:7)
  A necrophage (D:5)
  3 ogres
  3 centaurs
  A crocodile (D:8)
  A big kobold (Sewer)
  3 bullfrogs
  3 scorpions
  8 wights
  A howler monkey (D:6)
  2 crimson imps
  A jelly (D:6)
  2 hounds
  2 orc priests
  6 orc wizards
  An iguana (D:4)
  2 worker ants
  A hound zombie (D:6)
  12 adders
  3 gnolls (D:5)
  3 river rats
  3 oozes (Sewer)
  An adder skeleton (D:5)
  3 adder zombies
  4 worms
  A dart slug (D:3)
  4 leopard geckos
  16 orcs
  3 bats
  3 giant cockroaches
  4 goblins
  3 hobgoblins
  17 jackals
  4 quokkas
  6 ball pythons
  2 frilled lizards
  12 kobolds
  9 rats
169 creatures vanquished.

Vanquished Creatures (others)
  A slave (D:7)
  A bullfrog (D:7)
  A crimson imp (D:7)
  A hound zombie (D:7)
  An adder skeleton (D:7)
  A leopard gecko (D:7)
6 creatures vanquished.

Grand Total: 175 creatures vanquished

Notes
Turn   | Place    | Note
-------+----------+-------------------------------------------
     0 | D:1      | Lochraine the Deep Dwarf Fighter began the quest for the Orb.
     0 | D:1      | Reached XP level 1. HP: 20/20 MP: 1/1
   154 | D:1      | Reached XP level 2. HP: 27/27 MP: 2/2
   547 | D:2      | Reached XP level 3. HP: 28/33 MP: 3/3
   728 | D:2      | Found a glowing golden altar of the Shining One.
   973 | D:3      | Found a glowing drain.
  1009 | D:3      | Reached XP level 4. HP: 17/40 MP: 4/4
  1015 | Sewer    | Entered a sewer
  1056 | Sewer    | Reached skill level 5 in Axes
  1078 | Sewer    | Reached skill level 1 in Evocations
  1209 | Sewer    | Reached skill level 2 in Evocations
  1220 | Sewer    | Noticed a big kobold
  1235 | Sewer    | Killed a big kobold
  1235 | Sewer    | Reached skill level 4 in Evocations
  1235 | Sewer    | Reached XP level 5. HP: 23/46 MP: 6/8
  1355 | Sewer    | Gained mutation: You have a pair of small horns on your head. [potion of mutation]
  1355 | Sewer    | Gained mutation: You are partially covered in rugged brown scales. (AC +1, +3% HP) [potion of mutation]
  1355 | Sewer    | Gained mutation: Your magical capacity is low. (-10% MP) [potion of mutation]
  1455 | D:3      | Identified a +0 rod of clouds (13/13) (You found it on level 3 of the Dungeon)
  1914 | D:3      | Reached skill level 5 in Evocations
  2483 | D:4      | Reached XP level 6. HP: 54/56 MP: 7/9
  2539 | D:4      | Reached skill level 6 in Evocations
  2620 | D:4      | Noticed Edmund
  2634 | D:4      | Killed Edmund
  2634 | D:4      | Reached skill level 7 in Evocations
  2867 | D:5      | Entered Level 5 of the Dungeon
  2884 | D:5      | Reached skill level 8 in Evocations
  2884 | D:5      | Reached XP level 7. HP: 57/62 MP: 10/11
  2962 | D:5      | Found a staircase to the Ecumenical Temple.
  2971 | D:5      | Reached skill level 9 in Evocations
  2979 | Temple   | Entered the Ecumenical Temple
  3069 | Temple   | Became a worshipper of Makhleb the Destroyer
  3159 | D:5      | Found Gacit's Gadget Shoppe.
  3206 | D:5      | Found a radiant altar of Vehumet.
  3573 | D:5      | Reached skill level 10 in Evocations
  3865 | D:5      | Reached XP level 8. HP: 47/70 MP: 14/14
  3915 | D:5      | Got a spiked ring mail
  3933 | D:5      | Identified the cursed +1 ring mail of the First Seas {rF+ rC- MP+9 Stlth+} (You found it on level 5 of the Dungeon)
  4206 | D:6      | Reached skill level 11 in Evocations
  4326 | D:6      | Reached * piety under Makhleb
  4404 | D:6      | Reached skill level 12 in Evocations
  4551 | D:6      | Reached skill level 5 in Armour
  5080 | D:7      | Noticed Pikel
  5086 | D:7      | Killed Pikel
  5086 | D:7      | Gained mutation: You passively map the area around you. [Deep Dwarf growth]
  5086 | D:7      | Reached XP level 9. HP: 61/76 MP: 16/16
  5507 | D:7      | Reached ** piety under Makhleb
  5558 | D:7      | Noticed Prince Ribbit
  5878 | D:7      | Killed Prince Ribbit
  5878 | D:7      | Reached skill level 5 in Dodging
  6187 | D:8      | Noticed Avanven's ghost (novice TeMo)
  6200 | D:8      | Killed Avanven's ghost
  6206 | D:8      | Got a brightly glowing quarterstaff
  6345 | D:8      | Reached XP level 10. HP: 59/89 MP: 17/17
  6425 | D:8      | Reached skill level 5 in Fighting
  6559 | D:8      | Reached skill level 1 in Invocations
  6781 | D:8      | Mangled by a very large slime creature

Vault maps used:
D:1:      dpeg_arrival_simpleton_b
D:2:      corexii_corridor_pit, tso_metal_star
D:3:      portal_sewer_entry_b, first_bread
D:4:      minmay_strange_pillars, uniq_edmund
D:5:      wad_crossroads, serial_shops, shop, serial_glass, glass_columns_a,
          glass_columns_a, basic_altar
D:6:      cheibrodos_quashed
D:7:      lemuel_ice_spiral_2, lightli_minifort, uniq_pikel, uniq_prince_ribbit1
Temple:   regret_index_temple_chain_breaker
Sewer:    sewer_co_15_rooms

Skill      XL: |  1  2  3  4  5  6  7  8  9 10 |
---------------+-------------------------------+-----
Axes           | 3 4 5 |  5.0
Evocations     | 4 5 8 10 12 | 12.0
Armour         | 8 9 |  9.0
Dodging        | 5 |  5.3
Fighting       | 4 5 |  5.2
Invocations    | 1 |  1.8
Shields        | |  3.2

Action                   |  1- 3 |  4- 6 |  7- 9 | 10-12 || total
-------------------------+-------+-------+-------+-------++-------
Melee: War axe           |    86 |   111 |   210 |       ||   407
       Headbutt          |       |     6 |    52 |     6 ||    64
       Broad axe         |       |       |    41 |    10 ||    51
       Battleaxe         |       |       |       |    24 ||    24
Evoke: Wand              |       |     1 |     3 |     1 ||     5
       Rod               |       |     8 |    28 |     1 ||    37
  Use: Scroll            |       |     4 |     9 |       ||    13
       Potion            |       |     4 |       |       ||     4
 Stab: Confused          |       |       |     1 |       ||     1
  Eat: Chunk             |       |     9 |    16 |     3 ||    28
       Meat ration       |       |       |     1 |       ||     1
       Beef jerky        |       |       |     1 |       ||     1
       Pizza             |       |       |     1 |       ||     1
Armor: Scale mail        |    35 |    38 |    30 |     2 ||   105
       Ring mail         |       |       |    87 |    12 ||    99
Dodge: Dodged            |    18 |    27 |    75 |    26 ||   146
Block: Shield            |    35 |    47 |   108 |     7 ||   197
